 Dungeon Crawl Stone Soup version 0.23.2 (webtiles) character file.

Game seed: 11773313009799289597

714 Borgoz the Skirmisher (level 7, -7/44 HPs)
             Began as a Gargoyle Monk on Apr 9, 2019.
             Was a Believer of Ashenzari.
             Mangled by an ogre
             ... wielding a +0 giant club
              (13 damage)
             ... on level 7 of the Dungeon.
             The game lasted 00:09:38 (5270 turns).

Borgoz the Skirmisher (Gargoyle Monk)               Turns: 5270, Time: 00:09:39

Health: -7/44      AC: 15    Str: 18    XL:     7   Next: 69%
Magic:  7/7        EV: 11    Int: 11    God:    Ashenzari [**....]
Gold:   265        SH:  0    Dex: 14    Spells: 4/6 levels left

rFire    . . .     SeeInvis .   a - +0 short sword
rCold    . . .     Gourm    .   (no shield)
rNeg     + . .     Faith    .   s - +0 scale mail
rPois    ∞         Spirit   .   j - +0 helmet
rElec    +         Reflect  .   (no cloak)
rCorr    .         Harm     .   d - +2 pair of gloves
MR       +....                  (no boots)
Stlth    +.........             (no amulet)
HPRegen  0.14/turn              t - ring of protection from magic
MPRegen  0.10/turn              l - +4 ring of strength

@: no status effects
A: negative energy resistance 1, electricity resistance, unbreathing,
petrification resistance, rot immunity, AC +4
a: Curse Item, Scrying, Renounce Religion


You were on level 7 of the Dungeon.
You worshipped Ashenzari.
Ashenzari was pleased with you.
You were not hungry.

You visited 2 branches of the dungeon, and saw 8 of its levels.

You collected 265 gold pieces.

Inventory:

Hand Weapons
 a - a +0 short sword (weapon)
Missiles
 h - 14 tomahawks (quivered)
Armour
 d - a +2 pair of gloves (worn)
 j - a +0 helmet (worn)
 s - a +0 scale mail (worn)
Jewellery
 l - a +4 ring of strength (right hand)
 t - a ring of protection from magic (left hand)
Wands
 u - a wand of polymorph (8)
Scrolls
 e - 3 scrolls of remove curse
 f - a scroll of identify
 g - a scroll of fog {unknown}
 i - 4 scrolls of fear
 k - a scroll of immolation {unknown}
 m - a scroll of amnesia
 o - a scroll of teleportation
 p - a scroll of blinking {unknown}
 q - a scroll of enchant armour
 v - a scroll of noise
Comestibles
 c - 8 rations


   Skills:
 + Level 5.0 Fighting
 + Level 4.6 Short Blades
 + Level 2.8 Armour
 + Level 4.1 Dodging
 + Level 4.7 Stealth


You had 4 spell levels left.
You knew the following spells:

 Your Spells              Type           Power        Failure   Level  Hunger
a - Blink                 Tloc           N/A          86%         2    ###....

Your spell library contained the following spells:

 Spells                   Type           Power        Failure   Level  Hunger
 Magic Dart               Conj           #...         73%         1    ##.....
 Call Imp                 Summ           #.......     86%         2    ###....
 Slow                     Hex            #.......     86%         2    ###....
 Conjure Flame            Conj/Fire      #.......     97%         3    ####...
 Mephitic Cloud           Conj/Pois/Air  #.......     97%         3    ####...


Dungeon Overview and Level Annotations

Branches:
Dungeon (7/15)             Temple (1/1) D:4

Altars:
Ashenzari
Cheibriados
Dithmenos
Elyvilon
Hepliaklqana
Kikubaaqudgha
Makhleb
Nemelex Xobeh
Okawaru
Qazlal
Ru
Trog
Uskayaw
Vehumet
Wu Jian
Xom
The Shining One

Annotations:
D:5 Sigmund


Innate Abilities, Weirdness & Mutations

You are resistant to torment.
Your stone body is resilient. (AC +4)
You are immune to poison.
You resist negative energy. (rN+)
You are resistant to electric shocks. (rElec)
You can survive without breathing.
You are immune to petrification.
You are immune to rotting.


Message History

An adder comes into view.
The bullfrog zombie hits you but does no damage.
The killer bee buzzes angrily.
The bullfrog zombie closely misses you.
The bullfrog zombie hits you but does no damage.
You hit the killer bee but do no damage.
The killer bee stings you but does no damage.
The bullfrog zombie hits you. The ogre closely misses you.
The killer bee stings you but does no damage.
The jelly quivers.
You hit the killer bee.
The killer bee is lightly wounded.
The killer bee closely misses you. The bullfrog zombie closely misses you.
The killer bee stings you but does no damage.
The ogre hits you with a +0 giant club!
* * * LOW HITPOINT WARNING * * *
The killer bee barely misses you.
The killer bee stings you but does no damage.
The bullfrog zombie closely misses you. The ogre hits you with a +0 giant club!
You die...

#..#..*,,,,* #
#############..[##*,..,***#####
##.....#...?.#....###..,**,.....
##.......<.........#..#.,,,,#####
#.................#.J..#,,*##....
#...............##.....#,**...##.
#..............Y.......,,##.####.
#(.............O#.>##..*##..##...
#.......(.....SZ@.##*#.##..###.##
#...........(..y.## #.........#
##............y..# ###.#######
##.....#%.......# ##..#
#########......# #...# #......#
#y#.# *#......#####J#.#
**........$.y#.#y#
*,,**........#...##


You could see an ice beast, an ogre, a jelly, 2 killer bees, an adder and a
bullfrog zombie.

Vanquished Creatures
  A bullfrog (D:4)
  3 scorpions (D:4)
  A killer bee (D:7)
  A crimson imp (D:7)
  An orc priest (D:4)
  2 worker ants
  A hound skeleton (D:4)
  4 gnolls (D:3)
  14 adders
  A river rat (D:4)
  An ooze (D:2)
  4 worms
  7 dart slugs
  5 leopard geckos
  13 orcs
  11 bats
  9 giant cockroaches
  9 goblins
  7 hobgoblins
  12 jackals
  9 kobolds
  A quokka (D:2)
  A ball python (D:3)
  8 frilled lizards
  A quokka zombie (D:7)
  8 rats
135 creatures vanquished.

Notes
Turn   | Place    | Note
-------+----------+-------------------------------------------
     0 | D:1      | Borgoz the Gargoyle Monk began the quest for the Orb.
     0 | D:1      | Reached XP level 1. HP: 14/14 MP: 1/1
   250 | D:1      | Reached XP level 2. HP: 19/19 MP: 2/2
   540 | D:1      | Reached XP level 3. HP: 22/23 MP: 3/3
  1161 | D:2      | Reached XP level 4. HP: 27/29 MP: 4/4
  1323 | D:2      | Found a shattered altar of Ashenzari.
  1365 | D:2      | Became a worshipper of Ashenzari the Shackled
  1365 | D:2      | Reached * piety under Ashenzari
  1365 | D:2      | Reached ** piety under Ashenzari
  1751 | D:2      | Reached XP level 5. HP: 33/33 MP: 5/5
  2113 | D:3      | Found a white marble altar of Elyvilon.
  2332 | D:3      | Reached skill level 4 in Fighting
  2336 | D:3      | Learned a level 2 spell: Blink
  2923 | D:4      | Reached skill level 1 in Armour
  2923 | D:4      | Reached XP level 6. HP: 12/38 MP: 6/6
  3473 | D:4      | Found a shadowy altar of Dithmenos.
  3695 | D:4      | Found a staircase to the Ecumenical Temple.
  3742 | Temple   | Entered the Ecumenical Temple
  4227 | D:4      | Reached XP level 7. HP: 30/44 MP: 7/7
  4772 | D:5      | Entered Level 5 of the Dungeon
  4798 | D:5      | Noticed Sigmund
  5235 | D:7      | Reached skill level 5 in Fighting
  5270 | D:7      | Mangled by an ogre

Skill      XL: |  1  2  3  4  5  6  7 |
---------------+----------------------+-----
Short Blades   | 3 4 |  4.6
Dodging        | 3 4 |  4.1
Stealth        | 3 4 |  4.7
Fighting       | 4 5 |  5.0
Armour         | 1 2 |  2.8

Action                   |  1- 3 |  4- 6 |  7- 9 || total
-------------------------+-------+-------+-------++-------
Melee: Short sword       |   149 |   486 |   245 ||   880
Throw: Throwing net      |       |       |     1 ||     1
  Use: Potion            |     1 |     4 |     2 ||     7
       Scroll            |       |       |     8 ||     8
 Stab: Sleeping          |     6 |    12 |       ||    18
  Eat: Chunk             |       |    11 |     4 ||    15
Armor: Robe              |    58 |   201 |    55 ||   314
       Scale mail        |       |       |    43 ||    43
Dodge: Dodged            |   144 |   437 |   173 ||   754
